 Dungeon Crawl Stone Soup version 0.32-a0-22-g6ae6769602 (webtiles) character file.

Game seed: 4443933694286765307

105 sokol815 the Poker (level 4, 0/33 HPs)
             Began as an Octopode Gladiator on Jan 19, 2024.
             Slain by Terence
             ... wielding a +0 trident
              (11 damage)
             ... on level 3 of the Dungeon.
             The game lasted 00:03:43 (1789 turns).

sokol815 the Poker (Octopode Gladiator)             Turns: 1789, Time: 00:03:43

Health: 0/33       AC:  2    Str: 15    XL:     4   Next: 83%
Magic:  4/4        EV: 13    Int: 10    God:
Gold:   131        SH:  0    Dex: 13    Spells: 3/3 levels left

rFire   . . .        a - +0 trident
rCold   . . .        (no shield)
rNeg    . . .        b - +1 hat
rPois   .            (no amulet)
rElec   .            X - ring of resist corrosion
rCorr   +            (no ring)
SInv    .            (no ring)
Will    .....        (no ring)
Stlth   ++           (no ring)
HPRegen 0.25/turn    (no ring)
MPRegen 0.09/turn    (no ring)
                     (no ring)

%: no passive effects
@: no status effects
A: almost no armour, amphibious, 8 rings, camouflage 1, gelatinous body 1,
(nimble swimmer 1), tentacles
a: no special abilities


You were on level 3 of the Dungeon.
You visited 1 branch of the dungeon, and saw 3 of its levels.

You collected 131 gold pieces.

Inventory:

Hand Weapons
 a - a +0 trident (weapon)
 e - a +1 dagger of venom
   (You took it off a goblin on level 1 of the Dungeon)
 i - a +0 glaive
   (You found it on level 1 of the Dungeon)
Missiles
 c - 3 throwing nets {!d}
 d - a javelin
 f - 6 poisoned darts
 s - 19 stones
Armour
 b - a +1 hat (worn)
Jewellery
 X - a ring of resist corrosion (left tentacle)
   (You found it on level 2 of the Dungeon)
Potions
 g - a potion of berserk rage {unknown}
 h - a potion of lignification {unknown}
 k - a potion of attraction {unknown}
 H - a potion of haste


   Skills:
 + Level 3.6 Fighting
 + Level 4.3 Polearms
 - Level 2.0 Throwing
 - Level 3.0 Dodging


You had 3 spell levels left.
You didn't know any spells.
Your spell library contained the following spells:

 Spells                   Type           Power      Damage    Failure   Level
 Magic Dart               Conj           0%         1d3       36%         1
 Blink                    Tloc           0%         N/A       50%         2
 Call Imp                 Summ           0%         N/A       50%         2
 Mercury Vapours          Alch/Air       0%         N/A       50%         2
 Summon Ice Beast         Ice/Summ       0%         N/A       75%         3
 Polar Vortex             Ice            0%         N/A       100%        9


Dungeon Overview and Level Annotations

Branches:
Dungeon (3/15) Zot: 16214

Altars:

Annotations:
D:3 Terence


Innate Abilities, Weirdness & Mutations

You cannot wear most types of armour.
You are amphibious.
You can wear up to eight rings at the same time.
Your skin changes colour to match your surroundings (Stealth+).
Your rubbery body absorbs attacks. (AC +1, EV +1)
((You are camouflaged when in or above water. (Stealth+)))
You have tentacles for arms and can constrict up to eight enemies at once.


Message History

You assume a fearsome visage.
Nothing appears to happen.
It was a scroll of fear.
As you read the scroll labelled NIADWE KACRIBOWOF, it crumbles to dust.
You hear a loud clanging noise!
It was a scroll of noise.
You hear a shout!
Okay, then.
A kobold comes into view.
It is wielding a +0 short sword and quivering poisoned darts.
There is a stone staircase leading up here.
You climb upwards.
There is a stone staircase leading down here.
You start waiting.
You feel your willpower return.
You climb downwards.
There is a stone staircase leading up here.
The kobold throws a poisoned dart.
The poisoned dart misses you.
You reach to attack!
You puncture the kobold!
You kill the kobold!
No target in view!
No target in view!
f - 6 poisoned darts
Things that are here:
a +0 short sword; a kobold corpse
As you read the scroll labelled BEURIS UJ RAFE, it crumbles to dust.
You feel strangely unstable.
It was a scroll of teleportation.
As you read the scroll labelled XISES JUZUGH, it crumbles to dust.
It is a scroll of enchant armour.
Your +0 hat glows green for a moment.
Your surroundings suddenly seem different.
An endoplasm comes into view.
Found a stone staircase leading down.
You reach to attack!
The helpless endoplasm fails to defend itself.
You hit the endoplasm. You hit the endoplasm. You tentacle-slap the endoplasm.
You squeeze the endoplasm, but do no damage.
The endoplasm closely misses you.
You hit the endoplasm.
You kill the endoplasm!
No target in view!
There is a stone staircase leading down here.
You now have 131 gold pieces (gained 4).
A frilled lizard comes into view.
You reach to attack!
The helpless frilled lizard fails to defend itself.
You puncture the frilled lizard!
You kill the frilled lizard!
No target in view!
s - 19 stones (gained 2)
A ball python comes into view.
The ball python hisses angrily.
You hear a loud squeak.
A rat comes into view.
You hear a shout! x2
You hear an angry hiss.
The ball python closely misses you. The ball python grabs you.
The ball python constricts you.
You hit the ball python.
You kill the ball python!
Health restored: 33 You reach to attack!
You barely miss the rat.
Terence the Incautious comes into view.
He is wielding a +0 trident.
You hit the rat. You grab the rat. You squeeze the rat.
You kill the rat!
A hobgoblin comes into view.
You reach to attack!
You hit Terence but do no damage. Terence closely misses you.
You hit the hobgoblin. You grab the hobgoblin. You squeeze the hobgoblin.
You kill the hobgoblin!
Terence closely misses you.
You reach to attack!
You barely miss Terence.
Terence hits you from afar with a +0 trident.
You take 5 damage, and have 28/33 hp.
You reach to attack!
You hit Terence. Terence closely misses you.
Terence hits you from afar with a +0 trident.
You take 2 damage, and have 26/33 hp.
You reach to attack!
You closely miss Terence.
Terence hits you from afar with a +0 trident.
You take 5 damage, and have 21/33 hp.
You reach to attack!
You hit Terence. Terence misses you.
You reach to attack!
You hit Terence. Terence barely misses you.
You reach to attack!
You barely miss Terence. Terence closely misses you.
You reach to attack!
You hit Terence but do no damage.
Terence hits you from afar with a +0 trident!
You take 7 damage, and have 14/33 hp.
MASSIVE DAMAGE!!
Reach: a) +0 trident
Press: ? - help, Dir - move target, f/p - Terence
Aim: Terence, wielding a +0 trident and wearing a +0 scale mail (severely wounded, about 37% to evade your +0 trident)
You reach to attack!
You hit Terence but do no damage.
Terence hits you from afar with a +0 trident.
You take 3 damage, and have 11/33 hp.
Reach: a) +0 trident
Press: ? - help, Dir - move target, f/p - Terence
Aim: Terence, wielding a +0 trident and wearing a +0 scale mail (severely wounded, about 37% to evade your +0 trident)
You reach to attack!
You hit Terence.
Terence hits you from afar with a +0 trident!
You die...
Terence says, "Time to find some more victims."

#.#.###.#
#.#.#.##......#.
#.#...#.#
#.#.............
#.#.###.#
#.###.#########.
#.###.###.# #.# #.
#.......#.###.#########.
#####.#.#...............
.[.#.########.######.
#####.# .# #... #@# #
#### #†# .@. .#...
..##... #. .... #. ....#
# .#..#


You could see Terence.

Vanquished Creatures
  3 gnolls (D:2)
  2 adders (D:2)
  9 ball pythons
  5 bats
  5 endoplasms
  4 goblins
  6 hobgoblins
  4 jackals
  6 kobolds
  3 quokkas
  4 frilled lizards
  5 rats
56 creatures vanquished.

Notes
Turn   | Place    | Note
-------+----------+-------------------------------------------
     0 | D:1      | sokol815 the Octopode Gladiator began the quest for the
                  | Orb.
     0 | D:1      | Reached XP level 1. HP: 14/14 MP: 1/1
    76 | D:1      | Got the Parchment of Snow and Gusts
   135 | D:1      | Found a faded altar of an unknown god.
   148 | D:1      | Reached XP level 2. HP: 20/20 MP: 2/2
   651 | D:1      | Reached XP level 3. HP: 19/25 MP: 3/3
   860 | D:2      | Reached skill level 3 in Fighting
  1056 | D:2      | Reached skill level 4 in Polearms
  1056 | D:2      | Reached XP level 4. HP: 30/31 MP: 4/4
  1166 | D:2      | HP: 7/31 [gnoll/+0 spear (4)]
  1168 | D:2      | HP: 3/31 [gnoll/+0 spear (5)]
  1775 | D:3      | Noticed Terence
  1789 | D:3      | Slain by Terence

Illustrated notes

Levels and vault maps discovered:
D:1:      dpeg_arrival_long_road, layout_basic,
          hellmonk_ecumenical_altar_lost_god, hangedman_decor_push
D:2:      layout_basic, serial_bayou, serial_bayou_crossing,
          serial_bayou_lagoon_a, serial_bayou_pond_a, serial_bayou_pond_a,
          serial_bayou_pond_e, serial_bayou_pond_a, minmay_tromino_v2
D:3:      cheibrodos_old_hovel, layout_basic,
          mainiacjoe_overflow_catwalk_spiral, uniq_terence

Skill      XL: |  1  2  3 |
---------------+----------+-----
Fighting       | 3 |  3.6
Polearms       | 4 |  4.3
Throwing       | |  2.0
Dodging        | |  3.0

Action                     |  1- 3 |  4- 6 || total
---------------------------+-------+-------++-------
  Melee: Trident           |    75 |    51 ||   126
         Constrict         |    10 |     7 ||    17
         Tentacles         |    14 |     7 ||    21
         Punch             |       |     1 ||     1
  Throw: Javelin           |     1 |       ||     1
    Use: Scroll            |       |     5 ||     5
         Potion            |       |     1 ||     1
   Stab: Sleeping          |    11 |     2 ||    13
         Distracted        |       |     1 ||     1
 Armour: Skin              |    20 |    18 ||    38
  Dodge: Dodged            |    25 |    27 ||    52

Table legend: (Time is in decaauts)
 A = Elapsed time spent in this place.
 B = Non-inter-level travel time spent in this place.
 C = Inter-level travel time spent in this place.
 D = Time resting spent in this place.
 E = Time spent auto-exploring this place.
 F = Levels seen in this place.
 G = Mean time per level.
                   A        B        C        D        E       F      G
               +--------+--------+--------+--------+--------+-----+--------+
         Total |   1784 |   1718 |     66 |    114 |   1243 |   3 |  594.7 |
       Dungeon |   1784 |   1718 |     66 |    114 |   1243 |   3 |  594.7 |
               +--------+--------+--------+--------+--------+-----+--------+

Top non-repeatable levels by time:
     D:1: 918 daAuts
     D:2: 683 daAuts
     D:3: 182 daAuts

Levels and vault maps discovered:
D:1:      dpeg_arrival_long_road, layout_basic,
          hellmonk_ecumenical_altar_lost_god, hangedman_decor_push
D:2:      layout_basic, serial_bayou, serial_bayou_crossing,
          serial_bayou_lagoon_a, serial_bayou_pond_a, serial_bayou_pond_a,
          serial_bayou_pond_e, serial_bayou_pond_a, minmay_tromino_v2
D:3:      cheibrodos_old_hovel, layout_basic,
          mainiacjoe_overflow_catwalk_spiral, uniq_terence

Table legend: (Time is in decaauts)
 A = Elapsed time spent in this place.
 B = Non-inter-level travel time spent in this place.
 C = Inter-level travel time spent in this place.
 D = Time resting spent in this place.
 E = Time spent auto-exploring this place.
 F = Levels seen in this place.
 G = Mean time per level.
                   A        B        C        D        E       F      G
               +--------+--------+--------+--------+--------+-----+--------+
         Total |   1784 |   1718 |     66 |    114 |   1243 |   3 |  594.7 |
       Dungeon |   1784 |   1718 |     66 |    114 |   1243 |   3 |  594.7 |
               +--------+--------+--------+--------+--------+-----+--------+

Top non-repeatable levels by time:
     D:1: 918 daAuts
     D:2: 683 daAuts
     D:3: 182 daAuts

Table legend:
 A = Kills in this place as a percentage of kills in the entire game.
 B = Kills by you in this place as a percentage of kills by you in the entire game.
 C = Kills by friends in this place as a percentage of kills by friends in the entire game.
 D = Other kills in this place as a percentage of other kills in the entire game.
 E = Experience gained in this place as a percentage of experience gained in the entire game.
 F = Experience gained in this place divided by the number of levels of this place that you have seen.
                   A       B       C       D       E      F
               +-------+-------+-------+-------+-------+----------------------
         Total | 100.0 | 100.0 |   N/A |   N/A | 100.0 |  50.3
       Dungeon | 100.0 | 100.0 |   N/A |   N/A | 100.0 |  50.3
               +-------+-------+-------+-------+-------+----------------------
